 Dungeon Crawl Stone Soup version 0.31.0-11-ge490571c62 (webtiles) character file.

Game seed: 1405447126654213788

82 puppykicker the Chopper (level 4, 0/37 HPs)
             Began as a Hill Orc Reaver on Feb 4, 2024.
             Slain by a goblin
             ... wielding a +0 club
             ... led by Robin
              (5 damage)
             ... on level 2 of the Dungeon.
             The game lasted 00:03:12 (1726 turns).

puppykicker the Chopper (Hill Orc Reaver)           Turns: 1726, Time: 00:03:13

Health: 0/37       AC:  3    Str: 14    XL:     4   Next: 43%
Magic:  6/6        EV: 11    Int: 15    God:
Gold:   59         SH:  0    Dex:  9    Spells: 2/6 levels left

rFire   . . .        a - +0 hand axe
rCold   . . .        (no shield)
rNeg    . . .        j - +0 leather armour {rPois} {rPois}
rPois   +            (no helmet)
rElec   .            (no cloak)
rCorr   .            (no gloves)
SInv    .            (no boots)
Will    .....        g - amulet of magic regeneration
Stlth   +            (no ring)
HPRegen 0.26/turn    (no ring)
MPRegen 0.50/turn

%: no passive effects
@: no status effects
A: no striking features
a: no special abilities


You were on level 2 of the Dungeon.
You visited 1 branch of the dungeon, and saw 2 of its levels.

You collected 59 gold pieces.

Inventory:

Hand Weapons
 a - a +0 hand axe (weapon)
Missiles
 c - 5 curare-tipped darts
Armour
 j - a +0 leather armour of poison resistance (worn) {rPois}
Jewellery
 g - an amulet of magic regeneration (around neck)
 h - a ring of fire {rF+, rC-}
Scrolls
 d - 2 scrolls of identify {unknown}
 i - a scroll of fear {unknown}
Potions
 b - a potion of berserk rage {unknown}
 e - a potion of curing {unknown}
 f - a potion of haste {unknown}


   Skills:
 - Level 2.4 Fighting
 * Level 6.5 Axes
 - Level 1.5 Dodging
 - Level 1.5 Spellcasting
 - Level 3.0 Conjurations
 + Level 1.0 Necromancy


You had 2 spell levels left.
You knew the following spells:

 Your Spells              Type           Power      Damage    Failure   Level
a - Kiss of Death         Conj/Necr      28%        2d7       13%         1
w - Fugue of the Fallen   Necr           4%         N/A       52%         3

Your spell library contained the following spells:

 Spells                   Type           Power      Damage    Failure   Level
 Momentum Strike          Conj/Tloc      10%        3d8       24%         2
 Ensorcelled Hibernation  Hex/Ice        2%         N/A       41%         2
 Hailstorm                Conj/Ice       5%         3d5       43%         3
 Anguish                  Hex/Necr       1%         N/A       94%         4
 Leda's Liquefaction      Alch/Erth      0%         N/A       96%         4
 Lee's Rapid Deconstruct  Erth           0%         3d4*      100%        5
 Bombard                  Conj/Erth      2%         9d1       100%        6


Dungeon Overview and Level Annotations

Branches:
Dungeon (2/15)

Altars:

Annotations:
D:2 1 runed translucent door, Crazy Yiuf, Robin


Message History

The goblin hits you with a +0 dagger.
* * * LOW HITPOINT WARNING * * *
The hobgoblin hits you.
* * * LOW HITPOINT WARNING * * *
You take 7 damage, and have 9/37 hp.
You barely miss the goblin. You hit the hobgoblin.
The hobgoblin no longer looks unusually strong.
The goblin barely misses you.
The hobgoblin hits you but does no damage.
You hit the goblin.
The goblin is heavily wounded.
You hit the hobgoblin.
You kill the hobgoblin!
The goblin hits you but does no damage.
Your Necromancy skill increases to level 1!
You closely miss the goblin.
The goblin is heavily wounded.
You closely miss the goblin. The goblin barely misses you.
The goblin hits you but does no damage.
Unknown command.
You hit the goblin.
You kill the goblin!
You barely miss the goblin. The goblin hits you with a +0 club.
* * * LOW HITPOINT WARNING * * *
Robin throws the goblin at you! The goblin hits you with a +0 dagger.
* * * LOW HITPOINT WARNING * * *
You take 4 damage, and have 6/37 hp.
You barely miss the goblin. x2
The goblin no longer looks unusually strong.
The goblin closely misses you.
Robin roars a battlecry!
The goblin goes into a battle-frenzy!
The goblin hits you with a +0 dagger.
* * * LOW HITPOINT WARNING * * *
You take 1 damage, and have 5/37 hp.
Unknown command.
You hit the goblin.
The goblin is heavily wounded.
You closely miss the goblin. The goblin hits you with a +0 club.
You die...

#.. #.. ###############..
..............+..
.#############....##..
.........#........##..
########.#........##..
######.........#####
#gg@g..........#
#g###..........#
#......##..........#
#......##..........#
#..$...##.....#+########
#.ggg..##.....#.........
#..gg..##.....##..######
.g.....##.....##..######
........##.....#.........


You could see Robin and 3 goblins.

Levels and vault maps discovered:
D:1:      lightli_molten_gateway, layout_basic
D:2:      layout_basic, uniq_terence, uniq_robin, uniq_crazy_yiuf_cottage

Notes
Turn   | Place    | Note
-------+----------+-------------------------------------------
     0 | D:1      | puppykicker the Hill Orc Reaver began the quest for the
                  | Orb.
     0 | D:1      | Reached XP level 1. HP: 18/18 MP: 3/3
    35 | D:1      | Identified a +0 club
    47 | D:1      | Identified a +0 club
    97 | D:1      | Identified an amulet of magic regeneration
   170 | D:1      | Identified a +0 dagger
   171 | D:1      | Identified a +0 club
   184 | D:1      | Reached skill level 5 in Axes
   184 | D:1      | Reached XP level 2. HP: 12/25 MP: 4/4
   602 | D:1      | Identified a +0 whip
   697 | D:1      | Identified a +0 ring mail
   755 | D:1      | Identified a +0 short sword
   773 | D:1      | Identified a +0 robe
   780 | D:1      | You fall into a shaft and drop 1 floor!
   810 | D:1      | Identified a +0 club
   823 | D:1      | Reached XP level 3. HP: 30/30 MP: 5/5
   861 | D:1      | Identified a +0 sling
   882 | D:1      | Identified a +0 dagger
  1229 | D:2      | Identified a +0 leather armour of poison resistance
  1323 | D:2      | Reached skill level 6 in Axes
  1396 | D:2      | Found a runed translucent door.
  1401 | D:2      | Learned a level 3 spell: Fugue of the Fallen
  1401 | D:2      | Identified a +2 quarterstaff of chaos
  1401 | D:2      | Identified a +1 cloak of willpower
  1401 | D:2      | Noticed Crazy Yiuf
  1436 | D:2      | Identified a ring of fire
  1474 | D:2      | Identified a +0 short sword
  1474 | D:2      | Identified a +0 scale mail
  1474 | D:2      | Noticed Terence
  1506 | D:2      | HP: 5/30 [Terence/+0 short sword (4)]
  1507 | D:2      | Identified a potion of might
  1508 | D:2      | Killed Terence
  1509 | D:2      | Reached XP level 4. HP: 6/37 MP: 6/6
  1695 | D:2      | Identified a +0 club
  1695 | D:2      | Identified a +0 dagger
  1695 | D:2      | Identified a +0 dagger
  1695 | D:2      | Identified a +0 sling
  1695 | D:2      | Identified a +0 dagger
  1695 | D:2      | Identified a +0 dagger
  1695 | D:2      | Identified a +0 short sword
  1695 | D:2      | Identified a +2 animal skin
  1695 | D:2      | Identified a +0 helmet
  1695 | D:2      | Noticed Robin
  1696 | D:2      | Identified a +0 dagger
  1696 | D:2      | Identified a +0 club
  1709 | D:2      | Identified a +0 dagger
  1716 | D:2      | Identified a +0 dagger
  1720 | D:2      | HP: 9/37 [hobgoblin[Robin] (5)]
  1723 | D:2      | Reached skill level 1 in Necromancy
  1725 | D:2      | HP: 5/37 [goblin/+0 dagger[Robin] (2)]
  1726 | D:2      | Slain by a goblin

Table legend: (Time is in decaauts)
 A = Elapsed time spent in this place.
 B = Non-inter-level travel time spent in this place.
 C = Inter-level travel time spent in this place.
 D = Time resting spent in this place.
 E = Time spent auto-exploring this place.
 F = Levels seen in this place.
 G = Mean time per level.
                   A        B        C        D        E       F      G
               +--------+--------+--------+--------+--------+-----+--------+
         Total |   1729 |   1688 |     41 |    351 |    979 |   2 |  864.5 |
       Dungeon |   1729 |   1688 |     41 |    351 |    979 |   2 |  864.5 |
               +--------+--------+--------+--------+--------+-----+--------+

Top non-repeatable levels by time:
     D:1: 1194 daAuts
     D:2: 534 daAuts

Table legend:
 A = Kills in this place as a percentage of kills in the entire game.
 B = Kills by you in this place as a percentage of kills by you in the entire game.
 C = Kills by friends in this place as a percentage of kills by friends in the entire game.
 D = Other kills in this place as a percentage of other kills in the entire game.
 E = Experience gained in this place as a percentage of experience gained in the entire game.
 F = Experience gained in this place divided by the number of levels of this place that you have seen.
                   A       B       C       D       E      F
               +-------+-------+-------+-------+-------+----------------------
         Total | 100.0 | 100.0 |   N/A |   N/A | 100.0 |  59.0
       Dungeon | 100.0 | 100.0 |   N/A |   N/A | 100.0 |  59.0
               +-------+-------+-------+-------+-------+----------------------

Skill      XL: |  1  2  3  4 |
---------------+-------------+-----
Axes           | 5 6 |  6.5
Necromancy     | 1 |  1.0
Fighting       | |  2.4
Dodging        | |  1.5
Spellcasting   | |  1.5
Conjurations   | |  3.0

Action                     |  1- 3 |  4- 6 || total
---------------------------+-------+-------++-------
  Melee: Hand axe          |   142 |    34 ||   176
         Punch             |     2 |       ||     2
    Use: Potion            |     1 |       ||     1
 Armour: Leather armour    |    63 |    33 ||    96
         Ring mail         |    28 |       ||    28
  Dodge: Dodged            |    91 |    12 ||   103

Vanquished Creatures
  Terence (D:2)
  A gnoll (D:1)
  An adder (D:2)
  2 ribbon worms (D:2)
  An endoplasm (D:2)
  2 giant cockroaches (D:1)
  5 goblins (D:2)
  7 hobgoblins
  6 kobolds (D:1)
  A quokka (D:2)
  5 ball pythons
  3 bats
  2 frilled lizards
  2 rats
39 creatures vanquished.
